 Dungeon Crawl Stone Soup version 0.30.0-11-gf55b779eaf (webtiles) character file.

Game seed: 18191095872464994204

81 joshe the Conjurer (level 4, 0/24 HPs)
             Began as a Deep Elf Conjurer on May 17, 2023.
             Slain by Grinder (6 damage)
             ... while paralysed by Grinder
             ... on level 3 of the Dungeon.
             The game lasted 00:04:56 (1854 turns).

joshe the Conjurer (Deep Elf Conjurer)              Turns: 1854, Time: 00:04:56

Health: 0/24       AC:  2    Str:  4    XL:     4   Next: 19%
Magic:  3/12       EV:  2    Int: 25    God:
Gold:   161        SH:  0    Dex: 13    Spells: 1/12 levels left

rFire   . . .        (no weapon)
rCold   . . .        (no shield)
rNeg    . . .        a - +0 robe
rPois   .            (no helmet)
rElec   .            (no cloak)
rCorr   .            (no gloves)
SInv    .            (no boots)
Will    .....        (no amulet)
Stlth   ++           (no ring)
HPRegen 0.24/turn    (no ring)
MPRegen 0.13/turn

%: no passive effects
@: paralysed, very slightly contaminated
A: no striking features
a: no special abilities


You were on level 3 of the Dungeon.
You visited 1 branch of the dungeon, and saw 3 of its levels.

You collected 161 gold pieces.

Inventory:

Armour
 a - a +0 robe (worn)
Scrolls
 e - 2 scrolls of identify {unknown}
 f - a scroll of noise {unknown}
 j - a scroll of torment {unknown}
 k - a scroll of immolation {unknown}
 l - a scroll of vulnerability {unknown}
 m - a scroll of fear {unknown}
Potions
 b - a potion of magic
 c - a potion of heal wounds {unknown}
 d - a potion of haste {unknown}
 g - 2 potions of mutation {unknown}
 h - a potion of brilliance {unknown}
 i - 2 potions of curing {unknown}


   Skills:
 - Level 2.4 Dodging
 - Level 2.4 Stealth
 + Level 4.7 Spellcasting
 + Level 5.4 Conjurations
 + Level 0.4 Hexes


You had one spell level left.
You knew the following spells:

 Your Spells              Type           Power      Damage    Failure   Level
a - Magic Dart            Conj           100%       1d8       1%          1
b - Searing Ray           Conj           66%        2d6       1%          2
c - Fulminant Prism       Conj/Hex       10%        3d8       26%         4
d - Iskenderun's Mystic   Conj/Tloc      19%        2d6       28%         4

Your spell library contained the following spells:

 Spells                   Type           Power      Damage    Failure   Level
 Dazzling Flash           Conj/Hex       40%        N/A       8%          3
 Inner Flame              Hex/Fire       7%         N/A       24%         3
 Flame Wave               Conj/Fire      19%        2d7       28%         4
 Sticky Flame             Conj/Fire      19%        2d4       28%         4


Dungeon Overview and Level Annotations

Branches:
Dungeon (3/15)

Altars:

Annotations:
D:3 Grinder


Message History

Okay, then.
Found a stone staircase leading up.
You now have 161 gold pieces (gained 8).
m - a scroll labelled AWOFEPS IBBASY
There is a stone staircase leading down here.
As you open the door, it creaks loudly!
There is an open door here.
An orc comes into view. It is wielding a +0 club.
The magic dart hits the orc.
The orc is heavily wounded.
The orc shouts!
Grinder comes into view.
The magic dart hits the orc.
You kill the orc!
Casting: Magic Dart (safe; 1% risk of failure)
Confirm with . or Enter, or press ? or * to list all spells.
Aiming: Searing Ray (safe; 1% risk of failure)
Press: ? - help, Shift-Dir - straight line, f - Grinder
Aim: Grinder (78% to hit)
The searing ray misses Grinder. (Press . to maintain the ray.)
The searing ray misses Grinder.
The searing ray hits Grinder.
Grinder is lightly wounded.
Casting: Searing Ray (safe; 1% risk of failure)
Confirm with . or Enter, or press ? or * to list all spells.
The spell is astonishingly dangerous to miscast (28% risk of failure)!
Continue anyway?
You miscast Iskenderun's Mystic Blast.
You are very lightly contaminated with residual magic.
Nothing appears to happen.
Grinder gestures at you.
You suddenly lose the ability to move!
Grinder gestures at you. Pain shoots through your body!
Ouch! That really hurt!
Grinder barely misses you. Grinder hits you.
* * * LOW HITPOINT WARNING * * *
You writhe in agony.
You die...

.# .# .#
..#######.#
.)5.......#
#.######..#
#..# #5.#
#@.# #..#
#..# #..#
#..#
#######..#
.........#
########.#
#.#


You could see Grinder.

Vanquished Creatures
  3 adders
  An orc (D:3)
  5 bats
  4 endoplasms
  2 giant cockroaches (D:2)
  3 hobgoblins
  4 jackals (D:2)
  4 kobolds
  5 quokkas
  A ball python (D:1)
  A frilled lizard (D:3)
  10 goblins
  4 rats
47 creatures vanquished.

Notes
Turn   | Place    | Note
-------+----------+-------------------------------------------
     0 | D:1      | joshe the Deep Elf Conjurer began the quest for the Orb.
     0 | D:1      | Reached XP level 1. HP: 10/10 MP: 6/6
   246 | D:1      | Reached XP level 2. HP: 15/15 MP: 4/8
   249 | D:1      | Learned a level 2 spell: Searing Ray
   570 | D:1      | You fall into a shaft and drop 1 floor!
   928 | D:2      | Reached skill level 5 in Conjurations
   928 | D:2      | Reached XP level 3. HP: 19/19 MP: 4/10
  1053 | D:1      | Found a faded altar of an unknown god.
  1659 | D:2      | Reached XP level 4. HP: 24/24 MP: 10/12
  1664 | D:2      | Learned a level 4 spell: Fulminant Prism
  1669 | D:2      | Learned a level 4 spell: Iskenderun's Mystic Blast
  1840 | D:3      | Noticed Grinder
  1851 | D:3      | Paralysed by Grinder for 5 turns
  1854 | D:3      | Slain by Grinder

Illustrated notes

Levels and vault maps discovered:
D:1:      zaba_arrival_water, layout_rooms, shapermc_ecumenical_altar_petra
D:2:      kennysheep_the_goblin_king, layout_rooms
D:3:      layout_basic, chequers_serial_rivers_micro_d, uniq_grinder

Skill      XL: |  1  2 |
---------------+-------+-----
Spellcasting   | 4 |  4.7
Conjurations   | 5 |  5.4
Dodging        | |  2.4
Stealth        | |  2.4
Hexes          | |  0.4

Action                     |  1- 3 |  4- 6 || total
---------------------------+-------+-------++-------
   Cast: Magic Dart        |    61 |     4 ||    65
         Searing Ray       |     2 |     2 ||     4
  Dodge: Dodged            |     2 |     1 ||     3
